 Dungeon Crawl Stone Soup version 0.20-a0-433-g9e36e56 (webtiles) character file.

60240 Amnesiac the Bewitcher (level 14, 0/111 HPs)
             Began as a Mummy Enchanter on Jan 3, 2017.
             Was an Initiate of Gozag.
             Slain by a hellwing (5 damage)
             ... summoned by an orc high priest
             ... on level 2 of the Orcish Mines.
             The game lasted 01:42:39 (41872 turns).

Amnesiac the Bewitcher (Mummy Enchanter)           Turns: 41872, Time: 01:42:40

Health: 0/111      AC: 15    Str: 15    XL:     14   Next: 56%
Magic:  22/28      EV: 19    Int: 16    God:    Gozag
Gold:   6291       SH:  0    Dex: 15    Spells: 21/33 levels left

rFire  . . .     SeeInvis .     P - +1 glaive (venom)
rCold  + + .     Gourm    .     B - +2 robe "Quczant" {rF+ Stlth+}
rNeg   + + +     Faith    .     (shield currently unavailable)
rPois  ∞         Spirit   .     W - +2 hat {MR+}
rElec  .         Reflect  .     l - +1 cloak
rCorr  .         Harm     .     Y - +0 pair of gloves {Str+3}
MR     +++..                    i - +2 pair of boots
Stlth  +++++.....               (no amulet)
                                I - +3 ring of protection
                                Q - ring "Keun Eli" {rC+ MR+}

@: studying Ice Magic
A: no food or potions, fire vulnerability, cold resistance 1, negative energy
resistance 3, torment resistance, unbreathing, in touch with death 1
a: Potion Petition, Call Merchant, Bribe Branch, Renounce Religion


You were on level 2 of the Orcish Mines.
You worshipped Gozag.
Gozag was greatly pleased with you.
You were not hungry.

You visited 4 branches of the dungeon, and saw 20 of its levels.
You also visited: Ice Cave and Volcano.

You collected 6830 gold pieces.
You spent 471 gold pieces at shops.
You paid 68 gold pieces to Gozag.

Inventory:

Hand Weapons
 j - a +0 blowgun
 q - a +0 bardiche
 w - a +1 spear of venom
 F - a +1 short sword of draining
 K - a +0 halberd of flaming
 P - a +1 glaive of venom (weapon)
Missiles
 k - 68 poisoned needles
 E - 2 throwing nets (quivered)
 G - 7 curare-tipped needles
Armour
 i - a +2 pair of boots (worn)
 l - a +1 cloak (worn)
 B - the +2 robe "Quczant" (worn) {rF+ Stlth+}
   (You bought it in a shop on level 4 of the Dungeon)

   It protects you from fire.
   It makes you more stealthy.
 W - a +2 hat of magic resistance (worn)
 Y - a +0 pair of gloves of strength (worn)
Jewellery
 a - an uncursed ring of protection from cold
 f - an uncursed ring of see invisible
 g - the ring "Xicilomu" {*Tele *Slow rF+ Str+6}
   (You found it on level 9 of the Dungeon)

   [ring of teleportation]

   It may teleport you next to monsters.
   It affects your strength (+6).
   It protects you from fire.
   It may slow you when you take damage.
 t - an uncursed ring of stealth
 y - an uncursed ring of ice
 I - a +3 ring of protection (right hand)
 N - an uncursed ring of wizardry
 Q - the ring "Keun Eli" (left hand) {rC+ MR+}
   (You found it on level 5 of the Lair of Beasts)

   [ring of protection from cold]

   It protects you from cold.
   It affects your resistance to hostile enchantments.
Wands
 h - a wand of random effects (29/48)
 r - a wand of lightning (6/15)
 v - a wand of iceblast (3/15)
 C - a wand of digging (10/24)
 H - a wand of paralysis (19/24)
 J - a wand of flame (17/48)
 O - a wand of iceblast (8/15)
 T - a wand of iceblast (10/15)
 X - a wand of iceblast (10/15)
Scrolls
 b - 3 scrolls of fog
 d - 8 scrolls of remove curse
 e - 5 scrolls of identify
 m - 4 scrolls of amnesia
 n - 2 scrolls of immolation
 o - a scroll of recharging
 p - a scroll of vulnerability
 s - 5 scrolls of enchant armour
 u - a scroll of magic mapping
 A - a scroll of teleportation
 L - a scroll of blinking
Books
 c - a book of Maledictions

   Spells                             Type                      Level
   a - Corona                         Hexes                        1
   b - Ensorcelled Hibernation        Hexes/Ice                    2
   c - Confuse                        Hexes                        3
   d - Tukima's Dance                 Hexes                        3
   e - Dazzling Spray                 Conjuration/Hexes            3
 x - a book of Minor Magic

   Spells                             Type                      Level
   a - Magic Dart                     Conjuration                  1
   b - Blink                          Translocation                2
   c - Call Imp                       Summoning                    2
   d - Repel Missiles                 Charms/Air                   2
   e - Slow                           Hexes                        2
   f - Conjure Flame                  Conjuration/Fire             3
   g - Mephitic Cloud                 Conjuration/Poison/Air       3
 D - a book of Unlife

   Spells                             Type                      Level
   a - Recall                         Summoning/Translocation      3
   b - Animate Dead                   Necromancy                   4
   c - Control Undead                 Necromancy                   4
   d - Cigotuvi's Embrace             Necromancy                   5
   e - Death Channel                  Necromancy                   6
   f - Simulacrum                     Ice/Necromancy               6
 R - a book of Conjurations

   Spells                             Type                      Level
   a - Magic Dart                     Conjuration                  1
   b - Searing Ray                    Conjuration                  2
   c - Dazzling Spray                 Conjuration/Hexes            3
   d - Fulminant Prism                Conjuration/Hexes            4
   e - Iskenderun's Mystic Blast      Conjuration                  4
   f - Iskenderun's Battlesphere      Conjuration/Charms           5
 U - a manual of Ice Magic
 V - a manual of Ice Magic
Miscellaneous
 M - a lightning rod (4/4)
 S - a lightning rod (4/4)


   Skills:
 + Level 10.7 Fighting
 - Level 0.7 Short Blades
 + Level 10.7 Dodging
 - Level 8.0 Stealth
 - Level 10.0 Spellcasting
 - Level 15.0 Hexes


You had 21 spell levels left.
You knew the following spells:

 Your Spells              Type           Power        Failure   Level  Hunger
a - Dazzling Spray        Conj/Hex       ####..       1%          3    N/A
b - Ensorcelled Hibernat  Hex/Ice        ####..       1%          2    N/A
e - Confuse               Hex            ######..     1%          3    N/A
w - Tukima's Dance        Hex            ######..     1%          3    N/A
z - Corona                Hex            ######.      1%          1    N/A

Dungeon Overview and Level Annotations

Branches:
Dungeon (11/15)            Temple (1/1) D:6            Lair (6/6) D:11
  Swamp (0/4) Lair:2        Snake (0/4) Lair:2        Slime (0/5) Lair:5
    Orc (2/2) D:11            Elf (0/3) Orc:2

Altars:
Ashenzari
Cheibriados
Dithmenos
Elyvilon
Fedhas
Gozag
Hepliaklqana
Kikubaaqudgha
Makhleb
Nemelex Xobeh
Okawaru
Qazlal
Ru
Sif Muna
Trog
Uskayaw
Vehumet
Xom
Yredelemnul
Zin
The Shining One
Beogh
Jiyva

Shops:
D:4 [   D:5 *   D:8 !**   D:10 (   Orc:2 !


Innate Abilities, Weirdness & Mutations

You do not eat or drink.
Your flesh is vulnerable to fire.
You are immune to poison.
Your flesh is cold resistant. (rC+)
You are immune to negative energy. (rN+++)
You are immune to unholy pain and torment.
You can survive without breathing.
You are in touch with the powers of death.


Message History

The orc high priest calls down the wrath of Beogh upon you.
Beogh smites you!
* * * LOW HITPOINT WARNING * * *
The hellwing barely misses you. x2
You see here a mace.
The chaos spawn degenerates into a cloud of primal chaos!
You see here a flail of crushing.
Things that are here:
a flail; a ring mail The hellwing swoops through the air toward you!
The hellwing hits you!
* * * LOW HITPOINT WARNING * * *
The hellwing completely misses you.
Things that are here:
a hand axe; a plate armour The hellwing hits you!
* * * LOW HITPOINT WARNING * * *
The hellwing hits you.
You die...
Your body crumbles into a pile of gold.

#....#...#o...##.#..##
######...
#.............####.).#
####....
#....#..o#....##.##)##
#8...8.. #...........###.))##
#......# #...#...#.o.# #..[.#
#.._..'# #.....o.o.## ##..##
#.....## #..#...#..# #..).###
#8...8# ##...)...## #...##.##
#######
######..)#######@4#....#
.........oo)...#).....##
........)......#).....#
...........o§.)).....##
.............)......#.#####
...........[).)........##.###
...........)).......#.##....##
...........))................#
...................#.....##.##


You could see a hellwing.

Vanquished Creatures
  Snorg (Orc:1)
  A fire dragon (Lair:6)
  5 hydras
  A catoblepas (Lair:5)
  3 two-headed ogres
  The ghost of mopl the Cleaver, a novice HOWn of Beogh (D:8)
  Sonja (Lair:1)
  A spriggan druid (Lair:2)
  A swamp dragon (Lair:6)
  A necromancer (IceCv)
  An ugly thing (D:11)
  An oklob plant (Lair:5)
  A cyclops (D:11)
  An orc sorcerer (Orc:2)
  A manticore (D:11)
  6 elephants
  Joseph (D:7)
  An ice statue (IceCv)
  4 black mambas
  7 spiny frogs
  Maurice (D:8)
  A gargoyle (D:11)
  6 rime drakes
  10 freezing wraiths (IceCv)
  10 komodo dragons
  3 meliai (Lair:4)
  2 hornets
  5 trolls
  A queen bee (Lair:4)
  10 polar bears
  A wolf spider simulacrum (IceCv)
  22 blink frogs
  5 hippogriffs
  3 raiju (Lair:6)
  A vampire (D:11)
  2 basilisks (Lair:6)
  31 yaks
  3 wyverns
  4 vampire mosquitoes
  A death yak simulacrum (IceCv)
  A steam dragon (Lair:6)
  5 wargs
  16 hell hounds
  2 acid dragons (D:11)
  8 water moccasins
  A hornet zombie (D:9)
  9 ice beasts
  8 porcupines
  A sky beast (D:8)
  3 swamp drakes (Lair:6)
  13 orc warriors
  2 eyes of draining
  4 phantoms
  13 black bears
  An alligator simulacrum (IceCv)
  20 wolves
  An ogre (D:10)
  4 centaurs
  24 crocodiles
  2 big kobolds
  12 bullfrogs
  4 scorpions
  35 killer bees
  2 howler monkeys
  5 crimson imps
  3 lava snakes (Lair:1)
  8 draconian simulacra (IceCv)
  A quasit (D:8)
  3 jellies
  A hound (D:10)
  28 orc priests
  15 orc wizards
  5 bullfrog skeletons
  2 centaur skeletons
  A gnoll shaman (D:4)
  6 iguanas
  Ijyb (D:3)
  A polar bear simulacrum (IceCv)
  4 spriggan simulacra (IceCv)
  9 worker ants
  4 troll simulacra (IceCv)
  2 centaur simulacra (IceCv)
  2 hound zombies
  3 hound skeletons
  8 gnolls
  A howler monkey skeleton (D:4)
  11 adders
  2 naga simulacra (IceCv)
  2 shadow imps
  14 white imps
  An ooze (D:2)
  2 adder skeletons
  2 worms
  7 dart slugs
  6 leopard geckos
  54 orcs
  3 ball pythons
  5 giant cockroaches
  7 goblins
  6 hobgoblins
  19 jackals
  6 quokkas
  9 bats
  12 frilled lizards
  23 kobolds
  A leopard gecko skeleton (D:6)
  2 quokka zombies (D:6)
  10 rats
  4 plants
674 creatures vanquished.

Vanquished Creatures (collateral kills)
  A red draconian (Volcano)
  Harold (Lair:1)
  3 two-headed ogres
  2 orc knights (Orc:2)
  An orc warrior (D:9)
  2 wolves (Lair:4)
  A crocodile (Lair:5)
  3 killer bees
  An orc priest (D:4)
15 creatures vanquished.

Vanquished Creatures (others)
  4 dancing weapons
  A bush (Lair:6)
  35 fungi
  36 plants
76 creatures vanquished.

Grand Total: 765 creatures vanquished

Notes
Turn   | Place    | Note
-------+----------+-------------------------------------------
     0 | D:1      | Amnesiac the Mummy Enchanter began the quest for the Orb.
     0 | D:1      | Reached XP level 1. HP: 13/13 MP: 4/4
    92 | D:1      | Reached skill level 3 in Hexes
   102 | D:1      | Reached XP level 2. HP: 7/19 MP: 0/6
   912 | D:2      | Reached XP level 3. HP: 11/24 MP: 4/7
   917 | D:2      | Learned a level 3 spell: Confuse
   921 | D:2      | Learned a level 3 spell: Tukima's Dance
  2127 | D:2      | Reached XP level 4. HP: 30/30 MP: 9/9
  2456 | D:2      | Reached skill level 4 in Hexes
  3310 | D:3      | Noticed Ijyb
  3332 | D:3      | Killed Ijyb
  3332 | D:3      | Reached XP level 5. HP: 33/35 MP: 1/11
  3884 | D:4      | Reached skill level 5 in Hexes
  3985 | D:4      | Found an iron altar of Okawaru.
  4018 | D:4      | Found Dinlecra's Antique Armour Boutique.
  4085 | D:4      | Found a snail-covered altar of Cheibriados.
  4106 | D:4      | Reached XP level 6. HP: 41/41 MP: 4/13
  4511 | D:4      | Noticed an orc warrior
  4945 | D:3      | Killed an orc warrior
  4945 | D:3      | Reached skill level 5 in Spellcasting
  5173 | D:4      | Found a deep blue altar of Sif Muna.
  5265 | D:5      | Entered Level 5 of the Dungeon
  5337 | D:5      | Noticed an orc warrior
  5508 | D:5      | Reached skill level 6 in Hexes
  5744 | D:5      | Found a burning altar of Makhleb.
  5756 | D:5      | Found Ajibb's General Store.
  5942 | D:4      | Reached XP level 7. HP: 34/46 MP: 13/15
  6561 | D:5      | Found a basalt altar of Yredelemnul.
  7013 | D:5      | Reached skill level 7 in Hexes
  7501 | D:6      | Found a staircase to the Ecumenical Temple.
  7520 | Temple   | Entered the Ecumenical Temple
  7569 | Temple   | Became a worshipper of Gozag Ym Sagoz the Greedy
  7967 | D:4      | Reached XP level 8. HP: 52/52 MP: 18/18
  8261 | D:6      | Reached skill level 8 in Hexes
  9017 | D:7      | Learned a level 3 spell: Dazzling Spray
  9020 | D:7      | Learned a level 2 spell: Ensorcelled Hibernation
  9027 | D:7      | Found a sacrificial altar of Ru.
  9082 | D:7      | Noticed Joseph
  9297 | D:7      | Killed Joseph
  9297 | D:7      | Reached skill level 9 in Hexes
  9647 | D:7      | Found a hide-covered altar of Uskayaw.
  9779 | D:7      | Reached XP level 9. HP: 38/57 MP: 17/21
 10363 | D:8      | HP: 1/57 [killer bee (6)]
 10660 | D:8      | Noticed mopl's ghost (novice HOWn)
 10937 | D:8      | Killed mopl's ghost
 10937 | D:8      | Reached skill level 10 in Hexes
 11251 | D:8      | Noticed Maurice
 11270 | D:8      | Killed Maurice
 11307 | D:6      | Reached skill level 10 in Spellcasting
 11549 | D:5      | Bought a +1 spear of venom for 148 gold pieces
 11724 | D:7      | Reached skill level 11 in Hexes
 12253 | D:7      | Reached XP level 10. HP: 63/63 MP: 21/24
 12655 | D:8      | Found Povomai's Assorted Antiques.
 12660 | D:8      | Bought a scroll labeled JUUXZAFARAUT for 31 gold pieces
 12660 | D:8      | Bought a scroll labeled NYUNOE HIUFULUH for 31 gold pieces
 12660 | D:8      | Bought a scroll labeled ROGEUF OTU for 31 gold pieces
 12660 | D:8      | Bought a scroll labeled XENNUO ZITWOAPS for 31 gold pieces
 12723 | D:8      | Found Lose's Distillery.
 12826 | D:8      | Found Umafac's General Store.
 12924 | D:8      | Found a snail-covered altar of Cheibriados.
 12925 | D:8      | Found a bloodstained altar of Trog.
 13141 | D:4      | Bought a thick robe for 171 gold pieces
 13151 | D:4      | Identified the +2 robe "Quczant" {rF+ Stlth+} (You bought it in a shop on level 4 of the Dungeon)
 13229 | D:5      | Bought a scroll of fog for 28 gold pieces
 13445 | D:8      | Reached skill level 12 in Hexes
 13753 | D:9      | Got a brightly glowing silver ring
 13755 | D:9      | Identified the ring "Xicilomu" {*Tele *Slow rF+ Str+6} (You found it on level 9 of the Dungeon)
 14297 | D:9      | Found a shimmering altar of Xom.
 14302 | D:9      | Found a white marble altar of Elyvilon.
 14302 | D:9      | Found a burning altar of Makhleb.
 14304 | D:9      | Found a radiant altar of Vehumet.
 14312 | D:9      | Noticed a two-headed ogre
 14328 | D:9      | Killed a two-headed ogre
 15110 | D:9      | Reached skill level 5 in Dodging
 15419 | D:10     | Entered Level 10 of the Dungeon
 15682 | D:10     | Found Cydios's Antique Weapon Emporium.
 15684 | D:10     | Noticed a two-headed ogre
 15690 | D:10     | Killed a two-headed ogre
 15690 | D:10     | Reached XP level 11. HP: 68/68 MP: 13/25
 16183 | D:11     | Found a staircase to the Lair.
 16215 | D:11     | Noticed a four-headed hydra
 17243 | D:11     | Found a staircase to the Orcish Mines.
 17341 | D:11     | Reached skill level 1 in Fighting
 17911 | D:11     | Noticed a white ugly thing
 18160 | D:11     | Killed a white ugly thing
 18185 | D:11     | Killed a four-headed hydra
 18185 | D:11     | Reached skill level 5 in Fighting
 18331 | Lair:1   | Entered Level 1 of the Lair of Beasts
 18517 | Lair:1   | Noticed Sonja
 18745 | D:11     | HP: 3/81 [centaur (9)]
 19797 | Lair:1   | Noticed Harold
 19851 | Lair:1   | Killed Harold
 20249 | Lair:1   | Killed Sonja
 20249 | Lair:1   | Reached XP level 12. HP: 64/94 MP: 21/26
 21045 | Lair:2   | Found a staircase to the Snake Pit.
 21171 | Lair:2   | Found a staircase to the Swamp.
 21905 | Lair:2   | Noticed a five-headed hydra
 21967 | Lair:2   | Killed a five-headed hydra
 22894 | Lair:3   | Found a dark tunnel.
 22932 | Volcano  | Entered a volcano
 22933 | Volcano  | Noticed a two-headed ogre
 22937 | Volcano  | Noticed a two-headed ogre
 22938 | Volcano  | Noticed a two-headed ogre
 22946 | Volcano  | Killed a two-headed ogre
 22953 | Volcano  | Noticed a two-headed ogre
 22959 | Volcano  | Noticed a red draconian
 22959 | Volcano  | Noticed a two-headed ogre
 22971 | Volcano  | Killed a two-headed ogre
 22979 | Volcano  | Killed a red draconian
 23778 | Lair:3   | Reached skill level 13 in Hexes
 25572 | Lair:4   | Gained mutation: You are in touch with the powers of death. [Mummy growth]
 25572 | Lair:4   | Reached XP level 13. HP: 101/101 MP: 24/27
 26485 | Lair:5   | Found a staircase to the Slime Pits.
 26485 | Lair:5   | Found a viscous altar of Jiyva.
 26506 | Lair:5   | Reached skill level 14 in Hexes
 26669 | Lair:5   | Got a bound lead ring
 27268 | Lair:6   | Entered Level 6 of the Lair of Beasts
 29043 | Lair:5   | Reached skill level 15 in Hexes
 30867 | Lair:6   | Reached skill level 5 in Stealth
 34054 | Lair:6   | Reached XP level 14. HP: 59/108 MP: 20/28
 35352 | Lair:6   | Identified the ring "Keun Eli" {rC+ MR+} (You found it on level 5 of the Lair of Beasts)
 37357 | D:11     | Reached skill level 10 in Dodging
 37493 | Orc:1    | Entered Level 1 of the Orcish Mines
 37596 | Orc:1    | Noticed Snorg
 37646 | Orc:1    | Killed Snorg
 38036 | Orc:2    | Entered Level 2 of the Orcish Mines
 38177 | Orc:2    | Found a frozen archway.
 38186 | IceCv    | Entered an ice cave
 38273 | IceCv    | Reached skill level 10 in Fighting
 39815 | IceCv    | Found an ancient bone altar of Kikubaaqudgha.
 40582 | Orc:2    | Found a staircase to the Elven Halls.
 40587 | Orc:2    | Found Citeilearr's Distillery.
 40703 | Orc:2    | Found a roughly hewn altar of Beogh.
 41872 | Orc:2    | HP: 5/111 [hellwing[an orc high priest] (14)]
 41872 | Orc:2    | Slain by a hellwing

Vault maps used:
D:1:      grunt_arrival_lava_bath
D:3:      uniq_iyjb
D:4:      overflow_temple_1_default, nicolae_overflow_crystal_walls,
          serial_shops, shop, first_bread, cheibriados_altar_1
D:5:      kennysheep_mini_moat, serial_shops, shop, bloody_makhleb
D:7:      old_standard_altar, nicolae_ru_path_of_blood, uniq_joseph
D:8:      gammafunk_temple_overflow_statue, serial_shops,
          nicolae_shop_overgrown_old_shop, kennysheep_mini, shop, uniq_maurice
D:9:      chequers_temple_overflow_statue_of_worship
D:10:     serial_shops, nicolae_shop_overgrown_old_shop
D:11:     david_lair_generic, orc_0_dummy
Temple:   eino_wide_crystal_templ
Lair:1:   disabler_island, uniq_harold, uniq_sonja
Lair:2:   minmay_swamp_entry_swarm, dummy_snake_entry
Lair:3:   enter_volcano_3, grunt_megastairs_5
Lair:4:   special_room, lemuel_fruit_fields
Lair:5:   slime_altar_1, serial_bayou, serial_bayou_pond_a, serial_bayou_pond_c,
          serial_bayou_pond_b, serial_bayou_pond_d
Lair:6:   hangedman_lair_caniforms_friends, guppyfry_lair_end_dragon,
          bobbens_ice_dragon_lair
Orc:1:    basic_altar, uniq_snorg
Orc:2:    st_orc_pillars, serial_shops, shop, portal_ice_cave_entry_pillars_1,
          nicolae_orc_pool_cavern, nicolae_orc_lost_temple
IceCv:    ice_cave_small_necro
Volcano:  volcano_caves

Skill      XL: |  1  2  3  4  5  6  7  8  9 10 11 12 13 14 |
---------------+-------------------------------------------+-----
Hexes          | 3 4 5 6 7 9 11 12 13 15 | 15.0
Spellcasting   | 3 4 5 6 8 10 | 10.0
Dodging        | 6 8 9 10 | 10.7
Fighting       | 8 9 10 | 10.7
Stealth        | 7 8 |  8.0
Short Blades   | |  0.7

Action                   |  1- 3 |  4- 6 |  7- 9 | 10-12 | 13-15 || total
-------------------------+-------+-------+-------+-------+-------++-------
Melee: Dagger            |    28 |       |       |       |       ||    28
       Spear             |    46 |       |    68 |  1065 |  1393 ||  2572
       Halberd           |    26 |   299 |       |     8 |   487 ||   820
       Bardiche          |       |    23 |   288 |   225 |       ||   536
       Short sword       |       |       |       |    43 |       ||    43
       Glaive            |       |       |       |       |   188 ||   188
 Cast: Corona            |    39 |    50 |    94 |    27 |     1 ||   211
       Confuse           |     3 |    30 |    86 |   212 |   297 ||   628
       Tukima's Dance    |     2 |     4 |     6 |    16 |     3 ||    31
       Dazzling Spray    |       |       |     1 |    14 |    31 ||    46
       Ensorcelled Hiber |       |       |     1 |       |       ||     1
Invok: Potion Petition   |       |       |     1 |       |       ||     1
Evoke: Wand              |       |       |       |       |     1 ||     1
  Use: Scroll            |       |       |       |    11 |     7 ||    18
 Stab: Sleeping          |     4 |     5 |     5 |    25 |    17 ||    56
       Confused          |       |     9 |    23 |   148 |   159 ||   339
       Distracted        |       |       |       |     8 |     9 ||    17
       Invisible         |       |       |       |       |     2 ||     2
Armor: Robe              |    13 |     2 |       |   198 |   512 ||   725
       Ring mail         |       |   172 |   237 |    38 |       ||   447
Dodge: Dodged            |    74 |   198 |   282 |   752 |  1682 ||  2988
